 Dungeon Crawl Stone Soup version 0.20-a0-1116-gaa52201 (webtiles) character file.

282 Everybody the Firebug (level 5, -3/38 HPs)
             Began as a Demigod Fire Elementalist on May 8, 2017.
             Slain by Sigmund
             ... wielding a +0 scythe
              (5 damage)
             ... on level 3 of the Dungeon.
             The game lasted 00:03:39 (2386 turns).

Everybody the Firebug (Demigod Fire Elementalist)   Turns: 2386, Time: 00:03:39

Health: -3/38      AC:  2    Str: 16    XL:     5   Next: 78%
Magic:  3/11       EV: 13    Int: 21    God:
Gold:   117        SH:  0    Dex: 16    Spells: 2/9 levels left

rFire    . . .     SeeInvis .   p - +0 hand axe
rCold    . . .     Gourm    .   (no shield)
rNeg     . . .     Faith    .   a - +0 robe
rPois    .         Spirit   .   (no helmet)
rElec    .         Reflect  .   (no cloak)
rCorr    .         Harm     .   (no gloves)
MR       .....                  (no boots)
Stlth    ++........             (no amulet)
Regen    0.2/turn               (no ring)
MPRegen  0.2/turn               (no ring)

@: mighty
A: high mp 1
a: no special abilities


You were on level 3 of the Dungeon.
You were not hungry.

You visited 1 branch of the dungeon, and saw 3 of its levels.

You collected 117 gold pieces.

Inventory:

Hand Weapons
 p - a +0 hand axe (weapon)
Armour
 a - a +0 robe (worn)
Scrolls
 h - a scroll of identify
 l - a scroll of teleportation
 m - 2 scrolls of enchant armour {unknown}
 q - a scroll of fear {unknown}
 r - a scroll of remove curse
 t - a scroll of enchant weapon {unknown}
Potions
 f - a potion of invisibility {unknown}
 g - a potion of haste {unknown}
 j - 3 potions of might
 k - a potion of degeneration {unknown}
 n - 2 potions of agility {unknown}
 o - a potion of heal wounds {unknown}
Books
 b - a book of Flames

   Spells                             Type                      Level
   a - Flame Tongue                   Conjuration/Fire             1
   b - Throw Flame                    Conjuration/Fire             2
   c - Conjure Flame                  Conjuration/Fire             3
   d - Inner Flame                    Hexes/Fire                   3
   e - Sticky Flame                   Conjuration/Fire             4
   f - Fireball                       Conjuration/Fire             5
Comestibles
 c - 2 bread rations
 d - a meat ration
 i - 3 royal jellies
 s - 2 chunks of flesh


   Skills:
 + Level 2.8 Dodging
 - Level 1.7 Stealth
 + Level 2.6 Spellcasting
 * Level 3.3 Conjurations
 * Level 4.1 Fire Magic


You had 2 spell levels left.
You knew the following spells:

 Your Spells              Type           Power        Failure   Level  Hunger
a - Flame Tongue          Conj/Fire      ###..        3%          1    None
b - Conjure Flame         Conj/Fire      ###.....     9%          3    ###....
c - Inner Flame           Hex/Fire       ##......     19%         3    ###....


Dungeon Overview and Level Annotations

Branches:
Dungeon (3/15)

Annotations:
D:3 Sigmund


Innate Abilities, Weirdness & Mutations

You have an increased reservoir of magic. (+10% MP)


Message History

* * * LOW HITPOINT WARNING * * *
The bat closely misses you. The bat hits you but does no damage.
The bat barely misses you. The bat hits you but does no damage.
You feel better. The bat barely misses you.
The bat hits you but does no damage. The kobold misses you.
Casting: Inner Flame
Confirm with . or Enter, or press ? or * to list all spells.
Aiming: Flame Tongue
Press: ? - help, Shift-Dir - straight line, f/p - bat
Aim: a bat (inner flame)
The flame tongue misses the bat.
The bat closely misses you. Something hits you!
* * * LOW HITPOINT WARNING * * *
The kobold closely misses you.
Unknown command.
It was a potion of might.
You feel very mighty all of a sudden. The bat misses you. Something hits you.
You die...

#........# ###.......
#...# #.........
#.).########.......##
#..................##
#..............(.....
#....................
#####.............##.....
#.......K.......).##.....
#.†.....@....(......###..
#......b............##.))
#...................##...
#...................##.#.
#.......#...........##...
#.......#...........####.
############........# #.
#........# #. ##########
##


You could see a bat (inner flame) and a kobold.

Vanquished Creatures
  Grinder (D:2)
  An orc wizard (D:3)
  2 adders (D:2)
  2 worms
  A dart slug (D:1)
  A leopard gecko (D:1)
  3 orcs (D:3)
  A ball python (D:2)
  3 bats
  A giant cockroach (D:2)
  8 goblins
  3 hobgoblins
  5 kobolds
  A quokka (D:2)
  5 frilled lizards
  6 rats
44 creatures vanquished.

Notes
Turn   | Place    | Note
-------+----------+-------------------------------------------
     0 | D:1      | Everybody the Demigod Fire Elementalist began the quest for the Orb.
     0 | D:1      | Reached XP level 1. HP: 14/14 MP: 5/5
    60 | D:1      | Reached skill level 1 in Conjurations
   279 | D:1      | Reached XP level 2. HP: 17/20 MP: 5/7
   934 | D:2      | Reached skill level 3 in Fire Magic
  1016 | D:2      | Reached XP level 3. HP: 26/26 MP: 4/8
  1021 | D:2      | Learned a level 3 spell: Conjure Flame
  1190 | D:2      | Found a glowing golden altar of the Shining One.
  2049 | D:3      | Noticed Grinder
  2107 | D:2      | Killed Grinder
  2107 | D:2      | Reached skill level 4 in Fire Magic
  2107 | D:2      | Reached XP level 4. HP: 25/33 MP: 5/10
  2107 | D:2      | Reached XP level 5. HP: 29/38 MP: 5/11
  2180 | D:2      | Learned a level 3 spell: Inner Flame
  2364 | D:3      | Noticed Sigmund
  2386 | D:3      | Slain by Sigmund

Vault maps used:
D:1:      minmay_arrival_checkered_box
D:2:      nicolae_tso_carved_into_rock, first_bread
D:3:      chequers_ecumenical_altar_simple_redux, uniq_grinder, uniq_sigmund

Skill      XL: |  1  2  3 |
---------------+----------+-----
Conjurations   | 1 3 |  3.3
Dodging        | 2 |  2.8
Spellcasting   | 2 |  2.6
Fire Magic     | 3 4 |  4.1
Stealth        | |  1.7

Action                   |  1- 3 |  4- 6 || total
-------------------------+-------+-------++-------
Melee: Unarmed           |     3 |       ||     3
       Hand axe          |    11 |       ||    11
 Cast: Flame Tongue      |    76 |    22 ||    98
       Inner Flame       |       |     1 ||     1
  Use: Scroll            |     3 |       ||     3
       Potion            |       |     2 ||     2
  Eat: Chunk             |     4 |     1 ||     5
Armor: Robe              |    10 |     7 ||    17
Dodge: Dodged            |    38 |    22 ||    60
